[Event "Titled Tuesday Blitz May 24 Early 2022"]
[White "Bagrationi, Alexander"]
[Black "Rustemov, Alexander"]
[WhiteFideId "14104954"]
[BlackFideId "4119002"]
[WhiteElo "2502"]
[BlackElo "2837"]
[Result "1-0"]
[Round "03"]
[TimeControl "180+1"]
[Date "2022.05.24"]
[WhiteClock "0:00:51"]
[BlackClock "0:00:02"]

1. d4 d5 2. c4 c6 3. Nf3 Nf6 4. e3 Bf5 5. Nc3 e6 6. Nh4 Be4 7. f3 Bg6 8. Nxg6 hxg6 9. g3 c5 10. dxc5 Bxc5 11. cxd5 exd5 12. Bb5+ Nc6 13. Qa4 Qb6 14. O-O O-O 15. Kg2 Rfe8 16. Qb3 Bxe3 17. Na4 Qd4 18. Rd1 Qe5 19. Qxe3 Qxe3 20. Bxe3 Rxe3 21. Kf2 Rae8 22. Rd2 g5 23. g4 R3e5 24. Bxc6 bxc6 25. Rc1 R5e6 26. Nc5 R6e7 27. Nb3 Rc7 28. Rdc2 Rec8 29. Nd4 c5 30. Nb5 Re7 31. Rxc5 Rce8 32. Nd4 g6 33. Rc7 Kg7 34. Rxe7 Rxe7 35. b4 Rb7 36. b5 Nd7 37. a4 Nb6 38. a5 Nc4 39. a6 Rb6 40. Rb1 Nd6 41. Ke2 Kf6 42. Kd3 Ke5 43. Nc6+ Kf4 44. Nxa7 Kxf3 45. Kd4 Kxg4 46. Kc5 Nxb5 47. Kxb6 Nc3 48. Rg1+ Kf3 49. Nc6 Ne2 50. Rxg5 d4 51. a7 d3 52. a8=Q d2 53. Qa1 1-0


[Site "https://www.chess.com"]

[Event "Titled Tuesday Blitz May 24 Early 2022"]
[White "Balint, Vilmos"]
[Black "Ronka, Erik"]
[WhiteFideId "718050"]
[BlackFideId "505080"]
[WhiteElo "2059"]
[BlackElo "2264"]
[Result "0-1"]
[Round "03"]
[TimeControl "180+1"]
[Date "2022.05.25"]
[WhiteClock "0:02:21"]
[BlackClock "0:01:37"]

1. e4 e5 2. f4 exf4 3. Bc4 d5 4. Bxd5 Nf6 5. Nc3 Nxd5 6. Nxd5 g5 7. d4 c6 8. Nc3 Bg7 9. Nce2 O-O 10. Nf3 Bg4 11. O-O Nd7 12. c3 Re8 13. Qc2 c5 14. b3 cxd4 15. cxd4 Rc8 16. Qd3 Nc5 17. Qb5 Nxe4 18. Qxb7 Rc2 19. Ne5 Bxe5 20. Qxe4 Rxe2 0-1


[Site "https://www.chess.com"]

[Event "Titled Tuesday Blitz May 24 Early 2022"]
[White "Barp, Alberto"]
[Black "Dubov, Daniil"]
[WhiteFideId "872555"]
[BlackFideId "24126055"]
[WhiteElo "2229"]
[BlackElo "2791"]
[Result "0-1"]
[Round "03"]
[TimeControl "180+1"]
[Date "2022.05.24"]
[WhiteClock "0:00:08"]
[BlackClock "0:00:05"]

1. d4 Nf6 2. Nf3 g6 3. g3 c5 4. dxc5 Qa5+ 5. Nfd2 Qxc5 6. Bg2 Bg7 7. Nc3 h5 8. Nb3 Qc7 9. Bg5 h4 10. Bxf6 Bxf6 11. Nd5 Qd6 12. Nxf6+ Qxf6 13. Qd4 Qxd4 14. Nxd4 Nc6 15. O-O-O Kf8 16. Rhe1 Kg7 17. Nf3 h3 18. Bf1 d6 19. Nd4 Ne5 20. f3 Bd7 21. g4 g5 22. e3 Rac8 23. Be2 a5 24. Rg1 Rc5 25. Rg3 Nc4 26. Bxc4 Rxc4 27. b3 Rc5 28. Kb2 b5 29. Rc1 Kf6 30. a3 b4 31. c4 bxc3+ 32. Rxc3 Rhc8 33. Rxc5 dxc5 34. Ne2 Bb5 35. Nc3 Bf1 36. Ne4+ Kg6 37. Nf2 c4 38. bxc4 Rxc4 39. Nxh3 Bd3 40. f4 f6 41. fxg5 fxg5 42. Rg2 Bf1 43. Rg3 Bxh3 44. Rxh3 Rxg4 45. Kb3 a4+ 46. Kc3 Kf5 47. Rf3+ Ke4 48. Rf7 e5 49. h3 Rh4 50. Rg7 Rh5 51. Kb4 Kxe3 52. Kxa4 e4 53. Kb3 Rxh3 54. Rxg5 Kf4+ 0-1


[Site "https://www.chess.com"]

[Event "Titled Tuesday Blitz May 24 Early 2022"]
[White "Begunov, Konstantin"]
[Black "Amgalantengis, Enkh-Amgalan"]
[WhiteFideId "4118510"]
[BlackFideId "4903536"]
[WhiteElo "2262"]
[BlackElo "1719"]
[Result "0-1"]
[Round "03"]
[TimeControl "180+1"]
[Date "2022.05.25"]
[WhiteClock "0:00:01"]
[BlackClock "0:00:23"]

1. d4 Nf6 2. c4 g6 3. f3 Bg7 4. e4 O-O 5. Nc3 c6 6. Be3 d5 7. cxd5 cxd5 8. e5 Nfd7 9. f4 Nc6 10. Nf3 Nb6 11. Bd3 Bg4 12. h3 Bxf3 13. Qxf3 Rc8 14. O-O Nb4 15. Bb1 Nc4 16. Bc1 e6 17. g4 Qb6 18. Rd1 Nc6 19. Qf2 f6 20. b3 N4a5 21. Ba3 Rf7 22. Na4 Qd8 23. Nc5 fxe5 24. Nxe6 Qf6 25. Nxg7 Qxg7 26. dxe5 Nxe5 27. Bb2 Nac6 28. Rxd5 Rcf8 29. f5 gxf5 30. g5 Qxg5+ 31. Kh2 f4 32. Be4 Rg7 33. Rdd1 f3 34. Rg1 Qf4+ 35. Kh1 Qxe4 36. Rxg7+ Kxg7 37. Rg1+ Kh8 38. Rg4 Qe2 39. Qh4 f2 40. Qg5 f1=Q+ 0-1


[Site "https://www.chess.com"]

[Event "Titled Tuesday Blitz May 24 Early 2022"]
[White "Bellissimo, Joseph F."]
[Black "Urazayev, Arystanbek"]
[WhiteFideId "2609843"]
[BlackFideId "13709810"]
[WhiteElo "2061"]
[BlackElo "2422"]
[Result "1-0"]
[Round "03"]
[TimeControl "180+1"]
[Date "2022.05.25"]
[WhiteClock "0:00:21"]
[BlackClock "0:00:11"]

1. e4 e5 2. Nf3 Nc6 3. Bc4 Bc5 4. c3 Nf6 5. d3 d6 6. Bb3 a5 7. h3 h6 8. Nbd2 Be6 9. Bc2 O-O 10. Nf1 d5 11. Qe2 b5 12. b3 a4 13. Bb2 a3 14. Bc1 b4 15. c4 dxe4 16. dxe4 Nd4 17. Nxd4 Qxd4 18. Rb1 Qc3+ 19. Qd2 Qxd2+ 20. Bxd2 Rfd8 21. Be3 Nd7 22. Ke2 c6 23. Ng3 Bxe3 24. Kxe3 Nc5 25. Rhd1 Kf8 26. Nf5 h5 27. g4 g6 28. Ng3 hxg4 29. hxg4 Bxg4 30. f3 Be6 31. f4 exf4+ 32. Kxf4 Ke7 33. e5 Rh8 34. Rd6 Rh4+ 35. Kf3 Rh2 36. Be4 Rxa2 37. Bxc6 Rh8 38. Bd5 Rc2 39. Rc6 a2 40. Rd1 Nxb3 41. Bxe6 Rd2 42. Rf1 a1=Q 43. Rxa1 Nxa1 44. Bd5 Rd8 45. Ne4 Rd3+ 46. Kf4 b3 47. Rc7+ Rd7 48. Rxd7+ Kxd7 49. Nc5+ Kc7 50. Nxd3 Nc2 51. Nb2 Kb6 52. Bxf7 Kc5 53. e6 Kd6 54. Kg5 Nd4 55. Kf6 Nc6 56. Bxg6 Kc5 57. e7 Nxe7 58. Kxe7 Kb4 59. Kd6 Kc3 60. c5 Kxb2 61. c6 Ka3 62. c7 b2 63. c8=Q b1=Q 64. Qa6+ Kb2 65. Qb5+ Kc1 66. Qxb1+ Kd2 67. Qd3+ Kc1 68. Qc2# 1-0


[Site "https://www.chess.com"]

[Event "Titled Tuesday Blitz May 24 Early 2022"]
[White "Bharath Subramaniyam H"]
[Black "Vidit, Santosh Gujrathi"]
[WhiteFideId "46634827"]
[BlackFideId "5029465"]
[WhiteElo "2242"]
[BlackElo "2654"]
[Result "1-0"]
[Round "03"]
[TimeControl "180+1"]
[Date "2022.05.24"]
[WhiteClock "0:00:24"]
[BlackClock "0:00:07"]

1. c4 e5 2. Nf3 e4 3. Nd4 Nc6 4. e3 Nf6 5. Nc3 Bb4 6. Qb3 Bc5 7. Nf5 O-O 8. Ng3 Re8 9. Qc2 Qe7 10. a3 a5 11. b3 d6 12. Bb2 Bd7 13. Be2 Bb6 14. O-O h6 15. Rac1 Qe6 16. Rfe1 Rad8 17. Nb5 Nh7 18. Qc3 f6 19. c5 Bxc5 20. Bc4 d5 21. Nxc7 dxc4 22. Nxe6 Bxe6 23. Nxe4 Bf8 24. bxc4 Ne5 25. d4 Nxc4 26. Nc5 Bf7 27. Red1 b6 28. Na4 Ng5 29. Ba1 Bxa3 30. Rb1 Bb4 31. Rxb4 axb4 32. Qxb4 Ne4 33. Rc1 Ned6 34. Nc3 Ra8 35. d5 Ra5 36. e4 Rea8 37. Bb2 R5a7 38. f3 Be8 39. h3 Rc8 40. Qb3 Rac7 41. Ba1 b5 42. Qb4 Bd7 43. Nd1 Be8 44. Bd4 Bd7 45. Ne3 Nxe3 46. Rxc7 Rxc7 47. Qxd6 Rc1+ 48. Kf2 Nd1+ 49. Kg3 Be8 50. Qe7 Bf7 51. d6 Rc4 52. d7 Rxd4 53. d8=Q+ Rxd8 54. Qxd8+ Kh7 55. Qxd1 b4 56. Qd7 Kg8 57. Qc8+ Kh7 58. Qb7 1-0


[Site "https://www.chess.com"]

[Event "Titled Tuesday Blitz May 24 Early 2022"]
[White "Bocharov, Dmitry"]
[Black "Bluebaum, Matthias"]
[WhiteFideId "4138716"]
[BlackFideId "24651516"]
[WhiteElo "2541"]
[BlackElo "2556"]
[Result "0-1"]
[Round "03"]
[TimeControl "180+1"]
[Date "2022.05.24"]
[WhiteClock "0:00:10"]
[BlackClock "0:01:11"]

1. d4 Nf6 2. c4 e6 3. Nf3 d5 4. g3 Bb4+ 5. Bd2 a5 6. Bg2 O-O 7. Qc2 c5 8. dxc5 d4 9. Bxb4 axb4 10. Ne5 Qc7 11. Nd3 Na6 12. Nd2 e5 13. O-O Bf5 14. Qb3 Bxd3 15. Qxd3 Nxc5 16. Qc2 Rfe8 17. Nb3 Nfd7 18. Bd5 Nb6 19. e4 dxe3 20. fxe3 Nxd5 21. cxd5 b6 22. Rac1 Rxa2 23. Qc4 Rxb2 24. d6 Qb7 25. Rf2 Rxb3 0-1


[Site "https://www.chess.com"]

[Event "Titled Tuesday Blitz May 24 Early 2022"]
[White "Borawski, Jakub"]
[Black "Castaneda, Jhon David"]
[WhiteFideId "1143000"]
[BlackFideId "4405048"]
[WhiteElo "2020"]
[BlackElo "2152"]
[Result "1-0"]
[Round "03"]
[TimeControl "180+1"]
[Date "2022.05.25"]
[WhiteClock "0:00:18"]
[BlackClock "0:00:07"]

1. e4 c5 2. Nf3 Nc6 3. d4 cxd4 4. Nxd4 Nf6 5. Nc3 d6 6. g3 e5 7. Nde2 Bg4 8. Bg2 Qd7 9. O-O h5 10. Bg5 Be7 11. f3 Be6 12. Bxf6 Bxf6 13. Nd5 Bd8 14. Nec3 h4 15. f4 Bb6+ 16. Nxb6 axb6 17. f5 Bc4 18. Re1 hxg3 19. hxg3 Nd4 20. a4 f6 21. b3 Bf7 22. Nb5 Nxb5 23. axb5 Ke7 24. Qd3 Qc7 25. Rxa8 Rxa8 26. c4 Ra3 27. Bf3 Qc5+ 28. Kg2 Qb4 29. Rb1 Ra2+ 30. Kh1 Qc5 31. Rd1 Qf2 32. Qxd6+ Ke8 33. Qd8# 1-0


[Site "https://www.chess.com"]

[Event "Titled Tuesday Blitz May 24 Early 2022"]
[White "Borgaonkar Akshay"]
[Black "Pham, Tran Gia Phuc"]
[WhiteFideId "25639110"]
[BlackFideId "12415669"]
[WhiteElo "1639"]
[BlackElo "1789"]
[Result "1-0"]
[Round "03"]
[TimeControl "180+1"]
[Date "2022.05.25"]
[WhiteClock "0:00:51"]
[BlackClock "0:00:34"]

1. d4 Nf6 2. Bg5 Ne4 3. Bf4 c5 4. d5 Qb6 5. Nd2 Nxd2 6. Bxd2 d6 7. e4 Nd7 8. f4 g6 9. Nf3 Bg7 10. c3 O-O 11. Qc2 Nf6 12. Bc4 Bd7 13. O-O Bb5 14. Bxb5 Qxb5 15. c4 Qa6 16. Qd3 Rab8 17. a4 Nd7 18. Bc3 Qb6 19. Bxg7 Kxg7 20. Qc3+ Kg8 21. e5 Qb4 22. Qc2 f6 23. a5 b5 24. e6 Qxc4 25. Qxc4 bxc4 26. exd7 Rfd8 27. Nd2 Rxb2 28. Nxc4 Rb4 29. Rfc1 Rxd7 30. a6 Rd8 31. Na5 Rd7 32. Nc6 Rxf4 33. Rcb1 Kf7 34. Rb7 Ke8 35. Rxa7 1-0


[Site "https://www.chess.com"]

[Event "Titled Tuesday Blitz May 24 Early 2022"]
[White "Bortnyk, Olexandr"]
[Black "Vajda, Levente"]
[WhiteFideId "14120828"]
[BlackFideId "1203975"]
[WhiteElo "2723"]
[BlackElo "2573"]
[Result "1-0"]
[Round "03"]
[TimeControl "180+1"]
[Date "2022.05.24"]
[WhiteClock "0:00:04"]
[BlackClock "0:00:08"]

1. d4 d5 2. Nc3 e6 3. Bf4 Bd6 4. e3 Bxf4 5. exf4 Nf6 6. Nf3 O-O 7. Bd3 b6 8. O-O c5 9. Re1 Nc6 10. dxc5 bxc5 11. Ne5 Bb7 12. Qf3 Rc8 13. Qh3 c4 14. Bf1 Nd4 15. Red1 Nxc2 16. Rac1 Nb4 17. Bxc4 Qb6 18. Bb3 d4 19. Ne2 Rxc1 20. Nxc1 h6 21. Ne2 Rd8 22. Qh4 d3 23. Nc3 d2 24. Nc4 Qc5 25. Rxd2 Rxd2 26. Nxd2 Nd3 27. Qg3 Nxb2 28. h3 a5 29. a4 Qb4 30. Qe3 Qd6 31. f3 Nd3 32. g3 Nc5 33. Nc4 Qc7 34. Ba2 Ncd7 35. Nb5 Qd8 36. Ncd6 Bd5 37. Bb1 Qb6 38. Kf2 Qxe3+ 39. Kxe3 Nb6 40. Nc3 Kf8 41. Bc2 Ke7 42. Nde4 Nfd7 43. Kd4 f5 44. Nc5 Kd6 45. Nd3 Nc4 46. Nb5+ Kc6 47. g4 g6 48. Bd1 Kb6 49. h4 h5 50. gxh5 gxh5 51. Kc3 Nc5 52. Nxc5 Kxc5 53. Be2 Nb6 54. Bd1 Bc6 55. Nd4 Bd5 56. Ne2 Nc4 57. Ng3 Nb6 58. Nxh5 Bc6 59. Ng7 Bxa4 60. Nxe6+ Kd6 61. Bxa4 Nxa4+ 62. Kb3 Kxe6 63. Kxa4 Kf6 64. Kxa5 Kg6 65. Kb5 Kh5 66. Kc5 Kxh4 67. Kd5 Kg3 68. Ke5 1-0


[Site "https://www.chess.com"]

[Event "Titled Tuesday Blitz May 24 Early 2022"]
[White "Bryakin, Mikhail"]
[Black "Turutin, Alexander"]
[WhiteFideId "4165314"]
[BlackFideId "4180623"]
[WhiteElo "2417"]
[BlackElo "2402"]
[Result "1-0"]
[Round "03"]
[TimeControl "180+1"]
[Date "2022.05.25"]
[WhiteClock "0:01:54"]
[BlackClock "0:00:25"]

1. e4 c6 2. c4 d5 3. cxd5 cxd5 4. exd5 Nf6 5. Qa4+ Nbd7 6. Nc3 g6 7. Bc4 Bg7 8. Nf3 O-O 9. d3 a6 10. Qa3 Nb6 11. Qb3 Nbd7 12. a4 b6 13. O-O Nc5 14. Qa2 Bf5 15. d4 Nd3 16. Rd1 Nxc1 17. Raxc1 Bg4 18. Be2 Qd6 19. h3 Bf5 20. Ne5 Rfd8 21. Bf3 Rac8 22. Nc6 Rd7 23. Re1 e6 24. dxe6 Bxe6 25. d5 Rxc6 26. dxe6 1-0


[Site "https://www.chess.com"]

[Event "Titled Tuesday Blitz May 24 Early 2022"]
[White "Buscar, Michael"]
[Black "Barria Zuniga, Daniel"]
[WhiteFideId "2603616"]
[BlackFideId "3400816"]
[WhiteElo "2010"]
[BlackElo "2414"]
[Result "0-1"]
[Round "03"]
[TimeControl "180+1"]
[Date "2022.05.25"]
[WhiteClock "0:00:02"]
[BlackClock "0:00:08"]

1. d4 f5 2. g3 Nf6 3. Bg2 g6 4. Nh3 Bg7 5. Nf4 e6 6. Nd2 d5 7. Nf3 O-O 8. h4 Ne4 9. h5 g5 10. Nd3 h6 11. Nfe5 Nd7 12. Ng6 Rf7 13. c3 c5 14. Be3 b6 15. dxc5 Qc7 16. cxb6 axb6 17. O-O Bb7 18. Qb3 e5 19. Rfd1 f4 20. gxf4 gxf4 21. Bc1 Ndc5 22. Nxc5 Nxc5 23. Qc2 e4 24. c4 d4 25. Rb1 d3 26. exd3 Nxd3 27. Rxd3 exd3 28. Qxd3 Bxg2 29. Kxg2 f3+ 30. Kg1 Rd8 31. Qc2 Qd7 32. Qe4 Qh3 0-1


[Site "https://www.chess.com"]

[Event "Titled Tuesday Blitz May 24 Early 2022"]
[White "Butti, Enrique"]
[Black "Zia, Tahsin Tajwar"]
[WhiteFideId "3700470"]
[BlackFideId "10211888"]
[WhiteElo "2080"]
[BlackElo "1800"]
[Result "0-1"]
[Round "03"]
[TimeControl "180+1"]
[Date "2022.05.25"]
[WhiteClock "0:01:56"]
[BlackClock "0:01:40"]

1. d4 Nf6 2. Nf3 g6 3. c4 Bg7 4. Nc3 O-O 5. Bg5 d6 6. e3 h6 7. Bh4 b6 8. Be2 Bb7 9. Qc2 Nbd7 10. O-O g5 11. Bg3 Nh5 12. Nxg5 hxg5 13. Bxh5 f5 14. f4 g4 15. Bg6 e6 16. d5 Qf6 17. dxe6 Qxe6 18. Nd5 Bxd5 19. cxd5 Qxg6 20. Qxc7 Nc5 0-1


[Site "https://www.chess.com"]

[Event "Titled Tuesday Blitz May 24 Early 2022"]
[White "Ceres, Dragos"]
[Black "Ianov, Viktor"]
[WhiteFideId "13905864"]
[BlackFideId "14102730"]
[WhiteElo "2150"]
[BlackElo "2152"]
[Result "0-1"]
[Round "03"]
[TimeControl "180+1"]
[Date "2022.05.25"]
[WhiteClock "0:00:13"]
[BlackClock "0:00:07"]

1. e4 d6 2. d4 Nf6 3. Nc3 c6 4. f4 Qb6 5. Nf3 Bg4 6. a3 e5 7. Be3 Nbd7 8. Qc1 Qc7 9. Be2 Be7 10. O-O O-O 11. Qd2 Rfe8 12. Rad1 Rad8 13. h3 Bxf3 14. Bxf3 Bf8 15. Rfe1 b5 16. Qf2 a5 17. fxe5 dxe5 18. d5 b4 19. axb4 axb4 20. dxc6 Qxc6 21. Nd5 Rc8 22. Rd2 Nxd5 23. exd5 Qd6 24. Bg4 Rcd8 25. Red1 Nf6 26. Bf3 e4 27. Be2 Rc8 28. Bb5 Red8 29. Ba4 Qa6 30. Bb3 Bd6 31. Bd4 Nd7 32. Rf1 f6 33. Qf5 Nc5 34. Bxc5 Bxc5+ 35. Kh1 e3 36. Rd3 Qd6 37. Re1 Re8 38. Qg4 Rcd8 39. Re2 Re5 40. Qf3 Rde8 41. Ba4 R8e7 42. Bb3 h5 43. Rd1 g5 44. Rf1 Kg7 45. Qxh5 Bd4 46. c3 bxc3 47. bxc3 Bxc3 48. Bc2 Re4 49. Bxe4 Rxe4 50. Qf3 Rf4 51. Rxe3 Rxf3 52. Rexf3 Be5 53. Rd3 Kg6 54. Rfd1 Kh5 55. Kg1 Kh4 56. Kf1 f5 57. Kg1 g4 58. hxg4 fxg4 59. Kf1 Qf6+ 60. Kg1 Qb6+ 61. Kh1 g3 62. d6 Kg4 63. Rd5 Qe3 64. d7 Qh6+ 65. Kg1 Qe3+ 66. Kf1 Qf2# 0-1


[Site "https://www.chess.com"]

[Event "Titled Tuesday Blitz May 24 Early 2022"]
[White "Cervantes Landeiro, Thalia"]
[Black "Olafsson, Helgi"]
[WhiteFideId "3520498"]
[BlackFideId "2300010"]
[WhiteElo "2021"]
[BlackElo "2463"]
[Result "1-0"]
[Round "03"]
[TimeControl "180+1"]
[Date "2022.05.25"]
[WhiteClock "0:00:13"]
[BlackClock "0:00:02"]

1. d4 Nf6 2. c4 e6 3. Nf3 b6 4. g3 Ba6 5. Qa4 Bb7 6. Bg2 Be7 7. O-O O-O 8. Nc3 c5 9. dxc5 bxc5 10. Rd1 Qb6 11. Qc2 Nc6 12. Be3 d6 13. Nb5 Rfd8 14. Bf4 e5 15. Bg5 Nd4 16. Nfxd4 cxd4 17. Bxb7 Qxb7 18. e3 Rac8 19. Qb3 dxe3 20. Bxe3 a6 21. Na7 Qxb3 22. axb3 Rc7 23. Rxa6 Ra8 24. Rda1 d5 25. Nb5 Rxa6 26. Rxa6 Rc8 27. Na7 Ra8 28. Ra4 d4 29. Bg5 d3 30. Nc6 Rxa4 31. Nxe7+ Kf8 32. bxa4 h6 33. Be3 Kxe7 34. f3 Kd7 35. Kf2 e4 36. fxe4 Nxe4+ 37. Kf3 Nd6 38. b3 Kc6 39. Bd2 f5 40. Ke3 g5 41. Kxd3 f4 42. gxf4 g4 43. b4 h5 44. c5 Nf5 45. Ke4 Nh4 46. Be1 Nf3 47. Bf2 Nxh2 48. b5+ Kc7 49. c6 1-0


[Site "https://www.chess.com"]

[Event "Titled Tuesday Blitz May 24 Early 2022"]
[White "Chen, Justin"]
[Black "Chuemsakul, Sarocha"]
[WhiteFideId "2098199"]
[BlackFideId "6203710"]
[WhiteElo "2538"]
[BlackElo "1703"]
[Result "0-1"]
[Round "03"]
[TimeControl "180+1"]
[Date "2022.05.25"]
[WhiteClock "0:00:01"]
[BlackClock "0:00:26"]

1. d4 Nf6 2. Nc3 d5 3. Bf4 Bf5 4. f3 Bg6 5. g4 c6 6. h4 h5 7. g5 Nfd7 8. e3 e6 9. Bd3 Bxd3 10. Qxd3 g6 11. Nge2 Nb6 12. Kf2 a6 13. Be5 Rg8 14. Bg3 N8d7 15. a4 c5 16. a5 Nc4 17. Na4 Rc8 18. b3 Nd6 19. Rhd1 c4 20. Qd2 Nf5 21. b4 Bd6 22. Bxd6 Nxd6 23. c3 f6 24. Rg1 Nf5 25. e4 Nxh4 26. exd5 exd5 27. Nf4 fxg5 28. Rae1+ Kf7 29. Nxd5 Nf5 0-1


[Site "https://www.chess.com"]

[Event "Titled Tuesday Blitz May 24 Early 2022"]
[White "Chen, Qi b"]
[Black "Martin Carmona, Gaston Manuel"]
[WhiteFideId "8614733"]
[BlackFideId "22284567"]
[WhiteElo "2432"]
[BlackElo "2162"]
[Result "1-0"]
[Round "03"]
[TimeControl "180+1"]
[Date "2022.05.25"]
[WhiteClock "0:00:15"]
[BlackClock "0:00:03"]

1. d4 Nf6 2. c4 e6 3. Nc3 Bb4 4. Qc2 O-O 5. a3 Bxc3+ 6. Qxc3 b5 7. e3 bxc4 8. Bxc4 d5 9. Bd3 a5 10. Nf3 Ne4 11. Qc2 Ba6 12. Bxe4 dxe4 13. Qxe4 Nd7 14. Bd2 c5 15. Bc3 Qb6 16. O-O-O cxd4 17. Qxd4 Qxd4 18. Rxd4 Nc5 19. Kb1 f6 20. Rhd1 e5 21. Rd5 Ne4 22. Be1 a4 23. Nd2 Nxd2+ 24. Bxd2 Bb7 25. Rd7 Bxg2 26. Bb4 Be4+ 27. Ka1 Rfc8 28. f4 exf4 29. exf4 Ra6 30. Re7 Bf5 31. Rg1 g6 32. Rd1 Re6 33. Ra7 Rec6 34. Bc3 Rxc3 35. bxc3 Bc2 36. Rdd7 Bb3 37. Rg7+ Kf8 38. Rxh7 1-0


[Site "https://www.chess.com"]

[Event "Titled Tuesday Blitz May 24 Early 2022"]
[White "Cherniaiev, Tykhon"]
[Black "Pranav, V"]
[WhiteFideId "14182360"]
[BlackFideId "25060783"]
[WhiteElo "2289"]
[BlackElo "2349"]
[Result "1/2-1/2"]
[Round "03"]
[TimeControl "180+1"]
[Date "2022.05.24"]
[WhiteClock "0:01:39"]
[BlackClock "0:01:10"]

1. Nf3 Nf6 2. d4 e6 3. c4 b6 4. g3 Ba6 5. Qc2 Bb7 6. Bg2 c5 7. O-O cxd4 8. Nxd4 Bxg2 9. Kxg2 Be7 10. Rd1 O-O 11. Nc3 Qc8 12. b3 Na6 13. Bb2 Qb7+ 14. Kg1 Rac8 15. Rac1 d5 16. cxd5 Nb4 17. Qd2 Nbxd5 18. Nxd5 Qxd5 19. Nc6 Bc5 20. Qxd5 Nxd5 21. e4 Rxc6 22. exd5 Rd6 23. dxe6 Rxe6 24. Bd4 Bxd4 25. Rxd4 Re2 1/2-1/2


[Site "https://www.chess.com"]

[Event "Titled Tuesday Blitz May 24 Early 2022"]
[White "Costachi, Mihnea"]
[Black "Maksimenko, Viktor"]
[WhiteFideId "1217518"]
[BlackFideId "13710478"]
[WhiteElo "2476"]
[BlackElo "2269"]
[Result "0-1"]
[Round "03"]
[TimeControl "180+1"]
[Date "2022.05.24"]
[WhiteClock "0:01:13"]
[BlackClock "0:00:35"]

1. d4 Nf6 2. Bg5 Ne4 3. Bf4 c5 4. c3 Qb6 5. Nd2 Nxd2 6. Qxd2 d5 7. e3 e6 8. Nf3 Bd7 9. Bd3 Bb5 10. O-O Bxd3 11. Qxd3 Nc6 12. dxc5 Bxc5 13. b4 Be7 14. a3 O-O 15. c4 dxc4 16. Qxc4 Rac8 17. Qe4 Bf6 18. Rac1 h6 19. Bd6 Rfd8 20. Rfd1 Bb2 21. Bc5 Qa6 22. Rb1 Qxa3 23. h4 Bf6 24. Bd6 Qa4 25. Rd2 a5 26. g4 g6 27. g5 hxg5 28. hxg5 Bg7 29. Kg2 axb4 30. Rh1 Qb5 31. Qh4 Rxd6 32. Rxd6 b3 33. Rd7 b2 34. Qh7+ Kf8 35. Qh8+ Bxh8 36. Rxh8+ Kg7 37. Rxc8 b1=Q 38. Rdd8 Nxd8 0-1


[Site "https://www.chess.com"]

[Event "Titled Tuesday Blitz May 24 Early 2022"]
[White "Coto Mederos, Michel"]
[Black "Wagh Suyog"]
[WhiteFideId "3508528"]
[BlackFideId "25071688"]
[WhiteElo "2427"]
[BlackElo "2181"]
[Result "0-1"]
[Round "03"]
[TimeControl "180+1"]
[Date "2022.05.25"]
[WhiteClock "0:00:22"]
[BlackClock "0:00:11"]

1. c4 e5 2. Nc3 Nf6 3. Nf3 Nc6 4. e4 Bb4 5. d3 d6 6. a3 Bxc3+ 7. bxc3 h6 8. Be2 O-O 9. O-O Be6 10. h3 Nh7 11. Be3 f5 12. exf5 Bxf5 13. Nd2 Ng5 14. f4 exf4 15. Rxf4 Ne5 16. d4 Ng6 17. Rf2 Qe7 18. Nf1 Bxh3 19. Rxf8+ Rxf8 20. Qd3 Bf5 21. Qd2 Ne4 22. Qb2 c6 23. Re1 Qh4 24. Qc1 Bg4 25. Nh2 Bxe2 26. Rxe2 Qh5 27. Re1 Ng3 28. Qc2 Qf5 29. Qxf5 Nxf5 30. Bf2 Nf4 31. Nf3 Nd3 32. Rb1 Nxf2 33. Kxf2 Rf7 34. c5 dxc5 35. dxc5 Nh4 36. Rb4 Nxf3 37. gxf3 g5 38. Kg3 Kg7 39. a4 a5 40. Rd4 Kg6 41. Rd6+ Kh5 42. Re6 Rf5 43. Re7 Rxc5 44. Rxb7 Rxc3 45. Ra7 Rc5 46. Kh3 Kg6 47. Kg3 h5 48. Kh3 Kf5 49. Kg3 h4+ 50. Kf2 Kf4 51. Rf7+ Rf5 52. Rc7 c5 53. Re7 Re5 54. Rf7+ Rf5 55. Re7 Rf6 56. Re4+ Kf5 57. Rc4 Rc6 58. Ke3 h3 59. Kf2 Ke5 60. Kg3 Kd5 61. Rg4 c4 62. Rxg5+ Kd4 63. Rg8 c3 64. Rd8+ Ke3 65. Rd1 c2 66. Rc1 Kd2 67. Rh1 c1=Q 68. Rxc1 Kxc1 69. Kxh3 Kb2 70. f4 Kb3 71. Kg4 Kxa4 0-1


[Site "https://www.chess.com"]

[Event "Titled Tuesday Blitz May 24 Early 2022"]
[White "D`Arruda, Ricardo D."]
[Black "Schut, Han"]
[WhiteFideId "100692"]
[BlackFideId "1005561"]
[WhiteElo "2500"]
[BlackElo "2057"]
[Result "1/2-1/2"]
[Round "03"]
[TimeControl "180+1"]
[Date "2022.05.25"]
[WhiteClock "0:00:07"]
[BlackClock "0:00:09"]

1. d4 Nf6 2. Nf3 g6 3. Nc3 d5 4. Bg5 Ne4 5. Bf4 Bg7 6. e3 c5 7. Bb5+ Nc6 8. O-O O-O 9. Bxc6 bxc6 10. Be5 cxd4 11. Bxg7 Kxg7 12. Qxd4+ Nf6 13. h3 Qb6 14. Na4 Qc7 15. Nc5 Re8 16. Ne5 Kg8 17. Rac1 Nd7 18. Nexd7 Bxd7 19. f4 Rad8 20. c4 e5 21. fxe5 Qxe5 22. cxd5 cxd5 23. Rfd1 Qg3 24. Qf4 Qxf4 25. exf4 Be6 26. Nb3 d4 27. Nxd4 Bxa2 28. b3 Re4 29. Ra1 Rexd4 30. Rxd4 Rxd4 31. Rxa2 Rb4 32. Ra3 Rxf4 33. Rxa7 Rb4 34. Ra3 Kg7 35. Kf2 Kf6 36. Ke3 Ke5 37. Kd3 Kd5 38. Kc3 Rf4 39. Ra5+ Kc6 40. Ra2 Kb5 41. Re2 f6 42. Rd2 h5 43. Rd5+ Kb6 44. Rd2 Kb5 45. Kb2 Kb4 46. Re2 f5 47. Rd2 h4 48. Re2 g5 49. Rd2 g4 50. hxg4 fxg4 51. Re2 h3 52. gxh3 gxh3 53. Rh2 Rf3 54. Kc2 Rxb3 55. Rf2 Rc3+ 56. Kd2 Rc4 57. Rh2 Rh4 58. Ke3 Kc4 59. Kf3 Rh8 60. Kg3 Kd4 61. Rxh3 Rxh3+ 62. Kxh3 1/2-1/2


[Site "https://www.chess.com"]

[Event "Titled Tuesday Blitz May 24 Early 2022"]
[White "Dahlgren, James Allen"]
[Black "Bas Mas, Jose Joaquin"]
[WhiteFideId "22256873"]
[BlackFideId "22219064"]
[WhiteElo "2061"]
[BlackElo "2233"]
[Result "0-1"]
[Round "03"]
[TimeControl "180+1"]
[Date "2022.05.25"]
[WhiteClock "0:00:02"]
[BlackClock "0:00:27"]

1. d3 d5 2. f4 g6 3. Nf3 Bg7 4. Nbd2 c5 5. e4 Nc6 6. a4 b6 7. Be2 Nd4 8. Nxd4 Bxd4 9. c3 Bg7 10. O-O Bb7 11. Bf3 e6 12. g4 Ne7 13. e5 h5 14. h3 hxg4 15. hxg4 Ba6 16. Qc2 Rc8 17. a5 b5 18. b3 Qc7 19. Bb2 Kd7 20. Rfc1 Rh3 21. Kg2 Rch8 22. Rh1 Rxh1 23. Rxh1 Rxh1 24. Kxh1 g5 25. fxg5 Bxe5 26. c4 Bxb2 27. Qxb2 Qxa5 28. cxd5 exd5 29. b4 Qxb4 30. Qxb4 cxb4 31. Nb3 Kd6 32. Kg2 Ng6 33. Kg3 Ne5 34. Be2 Bc8 35. d4 Nc4 36. Nc5 a5 37. Bd3 a4 38. g6 fxg6 39. Bxg6 a3 40. g5 a2 41. Nb3 Na5 42. Na1 b3 43. Nxb3 Nxb3 0-1


[Site "https://www.chess.com"]

[Event "Titled Tuesday Blitz May 24 Early 2022"]
[White "Dimitrov, Atanas"]
[Black "Mortazavi, Ali"]
[WhiteFideId "2901315"]
[BlackFideId "401323"]
[WhiteElo "2693"]
[BlackElo "2339"]
[Result "1-0"]
[Round "03"]
[TimeControl "180+1"]
[Date "2022.05.25"]
[WhiteClock "0:00:28"]
[BlackClock "0:00:45"]

1. Nf3 Nf6 2. c4 g6 3. g3 Bg7 4. Bg2 O-O 5. O-O d6 6. Nc3 e5 7. b3 Nbd7 8. Bb2 Re8 9. d3 a5 10. a3 e4 11. Nxe4 Nxe4 12. Bxg7 Nxf2 13. Rxf2 Kxg7 14. Qd2 f5 15. Raf1 Nf6 16. Qb2 Qe7 17. e4 Kg8 18. exf5 Bxf5 19. Nh4 Qe5 20. Qxe5 Rxe5 21. Nxf5 gxf5 22. Rxf5 Rxf5 23. Rxf5 Kg7 24. Rb5 Re8 25. Rxb7 Re2 26. Rxc7+ Kg6 27. Rc6 Ng4 28. Rxd6+ Kf5 29. Be4+ Ke5 30. Rd5+ Kf6 31. Rf5+ Ke6 32. Rxa5 h6 33. Bf5+ Kf6 34. Bxg4 1-0


[Site "https://www.chess.com"]